 Dungeon Crawl Stone Soup version 0.26-a0-466-g989023bd0d (webtiles) character file.

Game seed: 8376379733485219536

98 mortelune the Skirmisher (level 5, -2/42 HPs)
             Began as a Formicid Abyssal Knight on Aug 9, 2020.
             Was a Believer of Lugonu.
             Slain by a white imp (3 damage)
             ... on level 2 of the Dungeon.
             The game lasted 00:04:44 (2373 turns).

mortelune the Skirmisher (Formicid Abyssal Knight)  Turns: 2373, Time: 00:04:44

Health: -2/42      AC:  5    Str: 17    XL:     5   Next: 1%
Magic:  6/6        EV: 10    Int: 12    God:    Lugonu [**....]
Gold:   125        SH:  0    Dex: 10    Spells: 4/4 levels left

rFire    . . .     SeeInvis +   a - +1 falchion
rCold    . . .     Faith    .   (no shield)
rNeg     . . .     Spirit   .   c - +0 ring mail
rPois    .         Reflect  .   (helmet unavailable)
rElec    .         Harm     .   (no cloak)
rCorr    .                      (no gloves)
MR       .....                  (no boots)
Stlth    +.........             (no amulet)
HPRegen  0.14/turn              m - ring of stealth
MPRegen  0.10/turn              (no ring)

@: no status effects
A: permanent stasis, dig shafts and tunnels, four strong arms, antennae 3
a: Dig, Shaft Self, Depart the Abyss, Bend Space, Renounce Religion


You were on level 2 of the Dungeon.
You worshipped Lugonu.
Lugonu was pleased with you.
You visited 1 branch of the dungeon, and saw 2 of its levels.
You visited the Abyss 1 time.

You collected 125 gold pieces.

Inventory:

Hand Weapons
 a - a +1 falchion (weapon)
Armour
 b - a +0 leather armour
 c - a +0 ring mail (worn)
Jewellery
 m - a ring of stealth (left hand)
Scrolls
 d - 2 scrolls of teleportation {unknown}
 f - 2 scrolls of fog {unknown}
 g - 2 scrolls of identify {unknown}
 h - 2 scrolls of fear {unknown}
 i - a scroll of remove curse {unknown}
 j - 2 scrolls of amnesia {unknown}
 k - a scroll of magic mapping {unknown}
 l - a scroll of enchant armour {unknown}
Potions
 e - a potion of curing {unknown}
 n - a potion of flight {unknown}


   Skills:
 + Level 4.0 Fighting
 * Level 3.6 Long Blades
 + Level 3.1 Armour
 - Level 0.8 Dodging
 - Level 2.1 Invocations


You had 4 spell levels left.
You didn't know any spells.
Your spell library contained the following spells:

 Spells                   Type           Power        Failure   Level
 Apportation              Tloc           #.....       52%         1


Dungeon Overview and Level Annotations

Branches:
Dungeon (2/15)

Altars:
Hepliaklqana
Yredelemnul


Innate Abilities, Weirdness & Mutations

You cannot be hasted, slowed, berserked, paralysed or teleported.
You can dig through walls and to a lower floor.
Your four strong arms can wield two-handed weapons with a shield.
You have a pair of large antennae on your head. (SInv)


Message History

The puff of frost hits you!
You hit the white imp.
The white imp is lightly wounded.
The white imp gestures at you. The puff of frost hits you.
* * * LOW HITPOINT WARNING * * *
You barely miss the white imp.
The white imp is lightly wounded.
The white imp hits you but does no damage. x2
You hit the white imp but do no damage.
The white imp is lightly wounded.
The white imp gestures at you. The puff of frost hits you!
* * * LOW HITPOINT WARNING * * *
You hit the white imp but do no damage.
The white imp is lightly wounded.
The white imp hits you.
* * * LOW HITPOINT WARNING * * *
The white imp freezes you.
You die...

...#####.......#.# #.[# #.†
##.......########K
#..#####.# #.......# #.{
#..#..... #.#####.# #..
##...###. #.#####.# #$.##
##..### .
#.......########..##{##..##
.
#.######......#{#s.###..#.#
. #># #.#######5#..#..#†##
. ##.# #.# #@#.#...#.#.# .
##.# #.# #############
##.######.# ##........#
#########.# # #.# { # #.#
#########.# ....<.....#


You could see a white imp and a giant cockroach.

Vanquished Creatures
  Jessica (D:2)
  An adder (D:2)
  A dart slug (D:2)
  A leopard gecko (D:1)
  6 bats (D:1)
  3 giant cockroaches
  12 goblins
  6 hobgoblins
  7 jackals
  3 kobolds (D:1)
  A quokka (D:2)
  A ball python (D:1)
  4 frilled lizards
  7 rats
54 creatures vanquished.

Notes
Turn   | Place    | Note
-------+----------+-------------------------------------------
     0 | Abyss:1  | mortelune the Formicid Abyssal Knight began the quest for
                  | the Orb.
     0 | Abyss:1  | Reached XP level 1. HP: 18/18 MP: 2/2
    53 | Abyss:1  | Noticed a wretched star
    54 | D:1      | Escaped the Abyss
   118 | D:1      | Reached XP level 2. HP: 20/24 MP: 3/3
   178 | D:1      | Reached * piety under Lugonu
   437 | D:1      | Reached XP level 3. HP: 29/29 MP: 4/4
  1530 | D:2      | Reached XP level 4. HP: 24/37 MP: 5/5
  1740 | D:2      | Found a basalt altar of Yredelemnul.
  1785 | D:2      | Found a hazy altar of Hepliaklqana.
  1900 | D:2      | Noticed Jessica
  1915 | D:2      | Reached ** piety under Lugonu
  1932 | D:2      | Killed Jessica
  1932 | D:2      | Reached skill level 4 in Fighting
  1997 | D:2      | Identified Jessica's Guide on the Compass
  2321 | D:2      | Reached XP level 5. HP: 42/42 MP: 6/6
  2373 | D:2      | HP: 1/42 [white imp (2)]
  2373 | D:2      | Slain by a white imp

Illustrated notes

Levels and vault maps discovered:
D:1:      lemuel_arrival_room, layout_loops_ring, st_stairs_14
D:2:      minmay_diamond_boxcup, layout_loops_ring, lemuel_doored_altar,
          nicolae_overflow_hidden_temple, kennysheep_jessica_study

Skill      XL: |  1  2  3  4 |
---------------+-------------+-----
Long Blades    | 3 |  3.6
Fighting       | 4 |  4.0
Armour         | 3 |  3.1
Dodging        | |  0.8
Invocations    | |  2.1

Action                   |  1- 3 |  4- 6 || total
-------------------------+-------+-------++-------
Melee: Falchion          |   118 |    52 ||   170
Invok: Depart the Abyss  |     1 |       ||     1
 Stab: Sleeping          |       |     1 ||     1
Armor: Ring mail         |    55 |    25 ||    80
       Leather armour    |     1 |       ||     1
Dodge: Dodged            |    85 |    32 ||   117
       Rpst.: Falchion   |    23 |    12 ||    35

Table legend: (Time is in decaauts)
 A = Elapsed time spent in this place.
 B = Non-inter-level travel time spent in this place.
 C = Inter-level travel time spent in this place.
 D = Time resting spent in this place.
 E = Time spent auto-exploring this place.
 F = Levels seen in this place.
 G = Mean time per level.
                   A        B        C        D        E       F      G
               +--------+--------+--------+--------+--------+-----+--------+
         Total |   2396 |   2360 |     36 |    673 |   1183 |   3 |  798.7 |
       Dungeon |   2342 |   2306 |     36 |    673 |   1131 |   2 | 1171.0 |
         Abyss |     54 |     54 |      0 |      0 |     52 |   1 |   54.0 |
               +--------+--------+--------+--------+--------+-----+--------+

Top non-repeatable levels by time:
     D:1: 1439 daAuts
     D:2: 903 daAuts
 Abyss:1: 54 daAuts
